[Event "Late-Titled-Tuesday-Blitz-May-28-2024"]
[Site "Chess.com"]
[Date "2024.05.28"]
[Round "3"]
[White "Bykov_Egor"]
[Black "lrjchess"]
[Result "0-1"]
[WhiteElo "2644"]
[BlackElo "2491"]
[TimeControl "180+1"]
[EndTime "14:29:17 PDT"]
[Termination "lrjchess won by resignation"]

1. d4 Nf6 2. Nf3 g6 3. Bg5 Ne4 4. Bh4 Bg7 5. e3 d5 6. Nbd2 c5 7. c3 Nc6 8. Bb5 Qb6 9. a4 a6 10. Bxc6+ Qxc6 11. a5 Bg4 12. Qa4 Qxa4 13. Rxa4 Nxd2 14.
Nxd2 cxd4 15. exd4 Bd7 16. Rb4 Bb5 17. Nb1 Rc8 18. Na3 Bc6 19. Kd2 Kd7 20. Re1 f6 21.
Nc2 Rhe8 22. Rb6 e5 23. dxe5 Bh6+ 24. Kd1 fxe5 25. f3 Bf8 26. Bf2 Bd6 27. Nb4 Bc7 28.
Nxc6 Bxb6 29. Nxe5+ Rxe5 30. Rxe5 Bxf2 31. Rxd5+ Kc6 32.
Re5 Rd8+ 33. Kc2 Bg1 34. h4 Rd7 35. b4 Bh2 36. Rc5+ Kd6 37. h5 Bg1 38. Rg5 Be3 39. Rg4 gxh5 40. Rh4 Ke5 41. Rxh5+ Kf4 42. Rh4+ Kg3 43.
Rg4+ Kf2 44. f4 Rf7 45. g3 Kf3 46. Rg5 Bf2 47. c4 Bxg3 48. f5 Bf4 49. Rh5 h6 50.
b5 Kg4 51. Rh1 Rxf5 52. Rb1 h5 53. Kd3 h4 54. Ke4 Re5+ 55. Kd4 Rg5 56. bxa6 bxa6 57. Rb6 Rxa5 58. c5 h3 59. Rg6+ Bg5 60. c6 Ra1 61. c7 Rc1 62. Rxa6 Rxc7 63. Ra2 Re7 64. Rf2 Kg3 0-1

[Event "Late-Titled-Tuesday-Blitz-May-28-2024"]
[Site "Chess.com"]
[Date "2024.05.28"]
[Round "3"]
[White "aval7an"]
[Black "penguingm1"]
[Result "1-0"]
[WhiteElo "2689"]
[BlackElo "2944"]
[TimeControl "180+1"]
[EndTime "14:29:18 PDT"]
[Termination "aval7an won by checkmate"]

1. d4 d5 2. c4 e6 3. Nc3 Be7 4. cxd5 exd5 5. Bf4 c6 6. Qc2 Nf6 7. e3 Nh5 8. Be5 Nd7 9. Nf3 Nxe5 10. Nxe5 Bd6 11. Bd3 Bxe5 12. dxe5 Qe7 13. f4 d4 14. Ne4 dxe3 15. Nd6+ Kf8 16. O-O g6 17. Rae1 Be6 18.
Rxe3 f5 19. Bc4 Ng7 20. Rd1 Rd8 21. Red3 Bxc4 22. Qxc4 Rd7 23. Nc8 Rxd3 24. Rxd3 Qc7 25. Qc5+ Kg8 26. Qd6 Qxc8 27. Qd8+ Qxd8 28. Rxd8+ Ne8 29.
Rxe8+ Kg7 30. Re7+ Kh6 31. Rxb7 Rd8 32. Kf2 Rd2+ 33. Kf3 a5 34. e6 Rd3+ 35. Ke2 Rd4 36. e7 Re4+ 37. Kf3 a4 38. g4 Re1 39. g5+ Kh5 40.
e8=Q Rxe8 41. Rxh7# 1-0

[Event "Late-Titled-Tuesday-Blitz-May-28-2024"]
[Site "Chess.com"]
[Date "2024.05.28"]
[Round "3"]
[White "MaiqMaster"]
[Black "ozates"]
[Result "0-1"]
[WhiteElo "2453"]
[BlackElo "2626"]
[TimeControl "180+1"]
[EndTime "14:29:18 PDT"]
[Termination "ozates won by checkmate"]

1. e4 e5 2. Nf3 Nc6 3. Bb5 g6 4. c3 Bg7 5. O-O Nge7 6. d4 exd4 7. cxd4 a6 8. Ba4 b5 9. Bb3 O-O 10. Be3 Na5 11. Nc3 d6 12. Bc2 Bg4 13. h3 Bxf3 14.
Qxf3 Nc4 15. b3 Nxe3 16. Qxe3 c5 17. dxc5 dxc5 18. Rad1 Qa5 19. Nd5 Nxd5 20. exd5 Qxa2 21. Bb1 Qb2 22. Rd2 Qc3 23. Rd3 Qb4 24. Rc1 Bd4 25. Qf3 Rfd8 26. d6 Rac8 27. Qf4 Qa5 28. Rf3 Rd7 29. Bf5 gxf5 30. Rg3+ Kh8 31. Rxc5 Qa1+ 32.
Kh2 Bxc5 33. Qxf5 Bxd6 34. f4 Rc1 35. Rg4 Rh1+ 36. Kg3 Qc3+ 37. Kh4 Rd8 38. Qxf7 Qe1+ 39. Kh5 Qe7 40. Qf5 Re1 41. Rg5 Re6 42. Kg4 Rf6 43. Qd3 Rxf4+ 44. Kh5 Qf7+ 45. Kh6 Rh4+ 46. Rh5 Rxh5# 0-1

[Event "Late-Titled-Tuesday-Blitz-May-28-2024"]
[Site "Chess.com"]
[Date "2024.05.28"]
[Round "3"]
[White "sergiochess83"]
[Black "Sanyura"]
[Result "1/2-1/2"]
[WhiteElo "2881"]
[BlackElo "2627"]
[TimeControl "180+1"]
[EndTime "14:29:19 PDT"]
[Termination "Game drawn by repetition"]

1. d4 d5 2. c4 dxc4 3. Nf3 e6 4.
e3 c5 5. Bxc4 cxd4 6. exd4 Bd6 7. O-O Ne7 8. Nc3 h6 9. Re1 O-O 10. Qe2 Nf5 11. Qe4 Bd7 12. Ne5 Nc6 13. Nxd7 Qxd7 14.
d5 exd5 15. Qxd5 Rfe8 16. Bf4 Nb4 17. Qd2 Qc7 18. Bxd6 Qxd6 19. Qxd6 Nxd6 20. Bf1 a6 21. Rxe8+ Rxe8 22. Rd1 Ne4 23. Nxe4 Rxe4 24. Rd8+ Kh7 25. a3 Nc6 26. Bd3 Nxd8 27. Bxe4+ g6 28. f4 Kg7 29. Kf2 Kf6 30. Ke3 Ke6 31. Kd4 Kd6 32.
Bd5 b6 33. h4 Ne6+ 34. Bxe6 Kxe6 35. g4 h5 36. gxh5 gxh5 37. Ke4 f5+ 38. Kd4 Kd6 39.
b4 b5 40. Kc3 Kc6 41. Kd2 Kd6 42. Ke3 Ke6 43. Kd4 Kd6 44. Kc3 Kc6 45. Kd4 Kd6 1/2-1/2

[Event "Late-Titled-Tuesday-Blitz-May-28-2024"]
[Site "Chess.com"]
[Date "2024.05.28"]
[Round "3"]
[White "GothamChess"]
[Black "swayamsm"]
[Result "1-0"]
[WhiteElo "2810"]
[BlackElo "2549"]
[TimeControl "180+1"]
[EndTime "14:29:19 PDT"]
[Termination "GothamChess won by checkmate"]

1. e4 e5 2. Nf3 Nc6 3. c3 Nf6 4. d4 d6 5. h3 g6 6. Bd3 Bg7 7. d5 Ne7 8. c4 O-O 9. Nc3 h6 10. g4 h5 11. Bg5 hxg4 12. hxg4 Bxg4 13. Be2 Nh5 14. Qd2 f6 15. Bh6 Rf7 16. Rh4 Bxh6 17. Qxh6 Rh7 18. Qd2 Bxf3 19. Bxf3 Nf4 20. Rxh7 Kxh7 21.
Ne2 Nxe2 22. Kxe2 Kg7 23. Rh1 g5 24. Bg4 Ng6 25. Qe3 Qe7 26. Kd2 a5 27. Rh5 Nf4 28. Rh2 b6 29. Bf5 Rh8 30. Rxh8 Kxh8 31. Qb3 Qe8 32. Bg4 Kg7 33. a3 Kf8 34. f3 Ke7 35. Kc2 Ne2 36. Qe3 Qa4+ 37. b3 Nd4+ 38. Qxd4 Qxa3 39.
Qc3 Qc5 40. Kb2 Qf2+ 41. Qc2 Qd4+ 42. Ka2 Kf8 43. Qh2 a4 44. Qh8+ Ke7 45. Qg7+ Ke8 46. Qd7+ Kf8 47. Qd8+ Kg7 48. Qe7+ Kg6 49. Bf5+ Kh5 50.
Qh7# 1-0

[Event "Late-Titled-Tuesday-Blitz-May-28-2024"]
[Site "Chess.com"]
[Date "2024.05.28"]
[Round "3"]
[White "Nathan_Filgueiras"]
[Black "kinga2008"]
[Result "0-1"]
[WhiteElo "2560"]
[BlackElo "2425"]
[TimeControl "180+1"]
[EndTime "14:29:19 PDT"]
[Termination "kinga2008 won by resignation"]

1. e4 c5 2. Nf3 Nc6 3. d4 cxd4 4.
Nxd4 e5 5. Nb5 a6 6. Nd6+ Bxd6 7.
Qxd6 Qf6 8. Qxf6 Nxf6 9. Nc3 Nb4 10. Bd3 d5 11. exd5 Nfxd5 12. Nxd5 Nxd5 13. Bd2 Be6 14. O-O-O O-O-O 15. Rhe1 f6 16. f4 Bg4 17. fxe5 Bxd1 18. Kxd1 Rhe8 19. Ba5 Rd7 20. exf6 Nxf6 21. Bc3 Rxe1+ 22. Kxe1 Re7+ 23. Kf2 g6 24. Kf3 Nd5 25. Bd2 Rf7+ 26. Ke4 Nf6+ 27. Kd4 Ng4 28. h3 Rd7+ 29.
Kc3 Nf2 30. Bf4 b5 31. a3 Kb7 32. Be2 Ne4+ 33. Kb4 Nd2 34. Kc3 Ne4+ 35. Kb4 Rd4+ 36. Kb3 Nc5+ 37. Kc3 Rxf4 38. Bf3+ Kb6 39. Kd2 Ne6 40.
Ke3 Rf8 41. c3 Nd8 42. Ke4 Nb7 43. Kd5 Rf6 44. Ke5 Rf8 45. Ke6 Nc5+ 46. Ke7 Rf4 47.
Kd6 Nd3 48. b4 Ne1 49. Bd5 Rf2 50. c4 bxc4 51. Bxc4 Nxg2 52. a4 Ne3 53. a5+ Ka7 54. Be6 Rd2+ 55. Kc5 Rc2+ 56. Kd6 Nc4+ 57. Kc5 Nxa5+ 58.
Kd6 Rc6+ 59. Ke7 Rxe6+ 60. Kxe6 Nc6 0-1

[Event "Late-Titled-Tuesday-Blitz-May-28-2024"]
[Site "Chess.com"]
[Date "2024.05.28"]
[Round "3"]
[White "maximnovik"]
[Black "Aygehovit1992"]
[Result "0-1"]
[WhiteElo "2559"]
[BlackElo "2821"]
[TimeControl "180+1"]
[EndTime "14:29:23 PDT"]
[Termination "Aygehovit1992 won on time"]

1. e4 c5 2. Nf3 e6 3. c3 d5 4. e5 d4 5. d3 Nc6 6. g3 dxc3 7.
bxc3 Nge7 8. Bg2 b6 9. O-O Ba6 10. Qa4 Bb7 11. Rd1 Qd7 12. Qc2 Rc8 13. Na3 Ng6 14. Qe2 Be7 15. Rb1 O-O 16. Nc4 Rfd8 17. h4 h6 18. h5 Nf8 19. Bf4 Nh7 20. a4 Ba6 21. Qe4 Qd5 22. Qe2 Qd7 23. Qe4 Qe8 24.
g4 Rd7 25. a5 b5 26. Nd6 Bxd6 27. exd6 f6 28. d4 cxd4 29. cxd4 Nd8 30. Rbc1 Bb7 31.
Qe2 a6 32. Rc7 Nf7 33. Rdc1 Nxd6 34. Bxd6 Rxd6 35. R1c5 Rxc7 36. Rxc7 Rd7 37. Rc5 Nf8 38. Qe3 Qd8 39. Bf1 Qxa5 40. Bd3 Bxf3 41. Qxf3 Qa1+ 42.
Kg2 Qxd4 43. Rc3 b4 44. Rb3 a5 45. Bg6 Nxg6 46. hxg6 Qd5 0-1

[Event "Late-Titled-Tuesday-Blitz-May-28-2024"]
[Site "Chess.com"]
[Date "2024.05.28"]
[Round "3"]
[White "RantomOpening"]
[Black "Jahonas"]
[Result "0-1"]
[WhiteElo "2563"]
[BlackElo "2434"]
[TimeControl "180+1"]
[EndTime "14:29:23 PDT"]
[Termination "Jahonas won on time"]

1. b3 Nf6 2. Bb2 d5 3. Nf3 Bf5 4.
g3 e6 5. d3 Be7 6. Bg2 O-O 7.
O-O Nc6 8. Nbd2 Qd7 9. a3 a5 10.
Qe1 Rfd8 11. Rd1 h6 12. Nh4 Bh7 13. Nhf3 Qe8 14. e4 dxe4 15. dxe4 Nxe4 16. Nxe4 Rxd1 17. Qxd1 Bxe4 18. Qe2 Bg6 19. Rd1 Rd8 20. h4 Rxd1+ 21. Qxd1 Qd8 22. Qxd8+ Bxd8 23. Ne5 Nxe5 24. Bxe5 Bxc2 25.
Bxb7 Bxb3 26. Bc3 c5 27. Kf1 Bd5 28. Ba6 Kf8 29. Ke2 g6 30. Bd3 h5 31. Ke3 Ke7 32. Bc2 Kd6 33. Bd3 c4 34. Bc2 Bb6+ 35. Ke2 e5 36. f3 f5 37. f4 exf4 38. gxf4 Bc5 39. Be5+ Ke6 40. Ba4 Bxa3 41. Be8 Bd6 42. Bxd6 Kxd6 43. Bxg6 a4 44. Kd2 a3 45. Kc3 a2 46. Kb2 c3+ 47. Kxc3 a1=Q+ 48. Kd2 Qg1 49. Bxf5 Qf2+ 50. Kc3 Qxf4 51. Bh7 Qxh4 52. Kd2 Qg3 53. Ke2 h4 54. Kd2 h3 0-1

[Event "Late-Titled-Tuesday-Blitz-May-28-2024"]
[Site "Chess.com"]
[Date "2024.05.28"]
[Round "3"]
[White "amintabatabaei"]
[Black "IMRosen"]
[Result "1-0"]
[WhiteElo "3045"]
[BlackElo "2720"]
[TimeControl "180+1"]
[EndTime "14:29:24 PDT"]
[Termination "amintabatabaei won on time"]

1. d4 d5 2. Nf3 Nf6 3. c3 e6 4. Bf4 c5 5. e3 Bd6 6. Bb5+ Nc6 7.
Bxc6+ bxc6 8. Bxd6 Qxd6 9. Qa4 cxd4 10. cxd4 O-O 11. O-O c5 12. Qa3 Ne4 13. Nc3 cxd4 14. Qxd6 Nxd6 15. exd4 Ba6 16. Rfc1 Rab8 17. b3 Rfc8 18.
g3 f6 19. h4 Kf7 20. Kg2 Ne4 21. Nxe4 dxe4 22. Nd2 Bd3 23. Rc5 e5 24. Rac1 Rxc5 25.
dxc5 Ke6 26. Nf1 f5 27. Ne3 f4 28. Nc4 Bxc4 29. Rxc4 f3+ 30. Kf1 Kd5 31. Ke1 Rc8 32. Kd2 Rxc5 33. Ra4 a5 34. g4 g6 35. g5 Ke6 36. Rxe4 Kf5 37. Rc4 Rd5+ 38. Ke3 Rb5 39. Kxf3 Rd5 40. Rc7 Rd3+ 41. Ke2 Rh3 42. Rxh7 Kg4 43.
Rh6 Kf5 44. Rh8 Kg4 45. Ra8 Rxh4 46. Rxa5 Kf5 47. a4 Rb4 48. Rb5 Rg4 49. a5 Rxg5 50.
a6 Rg1 51. Ra5 Rb1 52. a7 Rb2+ 53. Kf1 1-0

[Event "Late-Titled-Tuesday-Blitz-May-28-2024"]
[Site "Chess.com"]
[Date "2024.05.28"]
[Round "3"]
[White "NikitaShnadrygin"]
[Black "Cambek64"]
[Result "0-1"]
[WhiteElo "2726"]
[BlackElo "2516"]
[TimeControl "180+1"]
[EndTime "14:29:24 PDT"]
[Termination "Cambek64 won on time"]

1. Nf3 b5 2. g3 Bb7 3. Bg2 Nf6 4. O-O e6 5. b3 c5 6. Bb2 Be7 7. e3 O-O 8. d4 cxd4 9. exd4 d6 10. Nbd2 Nbd7 11.
c4 bxc4 12. bxc4 Qc7 13. Qe2 Rfe8 14. Rac1 Rab8 15. Bc3 h6 16. Nb3 Bf8 17. Rfd1 Ne4 18. Be1 Ndf6 19. Ba5 Qd7 20. c5 Qa4 21. Bc7 Rbc8 22.
cxd6 Bxd6 23. Bxd6 Nxd6 24. Nc5 Bxf3 25. Bxf3 Qa5 26. Rc2 Nb5 27. Qe5 Qc7 28. Qe2 Qa5 29.
Qe5 Qc7 30. Be2 Nd6 31. Rdc1 Qe7 32. Bf3 Red8 33. Na6 Rxc2 34. Rxc2 Nf5 35. Rd2 Qd6 36. Qa5 Nxd4 37. Kg2 e5 38. Nb4 Qe7 39. Bd1 Qd6 40.
Nd3 Qd5+ 41. Kg1 Qxa5 0-1

[Event "Late-Titled-Tuesday-Blitz-May-28-2024"]
[Site "Chess.com"]
[Date "2024.05.28"]
[Round "3"]
[White "HajiyevKanan"]
[Black "GoValya"]
[Result "1-0"]
[WhiteElo "2481"]
[BlackElo "2219"]
[TimeControl "180+1"]
[EndTime "14:29:25 PDT"]
[Termination "HajiyevKanan won by resignation"]

1. d4 d5 2. Nf3 c6 3. c4 g6 4. cxd5 cxd5 5. Nc3 Bg7 6. Qb3 Nc6 7. Qxd5 Nxd4 8. Nxd4 Bxd4 9. Qxd8+ Kxd8 10. Bd2 Be6 11. O-O-O Kc8 12. e3 Bg7 13. Be2 a6 14. Bf3 Nf6 15.
Kb1 Kc7 16. Rc1 Kb8 17. e4 Nd7 18. Rhd1 Be5 19. Nd5 Bxd5 20. exd5 Bd6 21. Bc3 Rc8 22. h4 b6 23. Bg4 f5 24. Be2 Kb7 25. h5 Nc5 26. Rh1 Ne4 27. Bd4 Bf4 28. Rxc8 Rxc8 29. hxg6 hxg6 30. g3 Bd6 31. Bd3 Nd2+ 32. Ka1 Nf3 33.
Be3 Bc5 34. Be2 Ne5 35. Bf4 Bd6 36. Kb1 b5 37. a3 Nc4 38. Bg5 Ne5 39. Rh7 Rc7 40.
f4 Nc4 41. Bxc4 bxc4 42. Rg7 Kb6 43. Kc2 Kc5 44. Rxg6 Kxd5 45. Rg8 c3 46. bxc3 Bxa3 47. Rd8+ Ke6 48. Ra8 Bd6 49. Rxa6 Kd7 50. Kd3 Rb7 51. Ra5 Ke6 52. Ra6 Rb1 53. Ke3 Rb3 54. Rc6 Kd7 55. Rc4 Ke6 56. Bh4 Kd5 57. Rc8 Bb4 58. Kd2 Bc5 59. Kc2 Kc4 60. Rxc5+ 1-0

[Event "Late-Titled-Tuesday-Blitz-May-28-2024"]
[Site "Chess.com"]
[Date "2024.05.28"]
[Round "3"]
[White "topce"]
[Black "luca_va99"]
[Result "0-1"]
[WhiteElo "2382"]
[BlackElo "2184"]
[TimeControl "180+1"]
[EndTime "14:29:26 PDT"]
[Termination "luca_va99 won by resignation"]

1. c4 e5 2. g3 Nf6 3. Nc3 d5 4. cxd5 Nxd5 5. Bg2 Nb6 6. Nf3 Nc6 7. O-O Be7 8. e3 O-O 9. d4 exd4 10. Nxd4 Nxd4 11. exd4 c6 12. a4 Bf6 13. a5 Nc4 14. d5 Bxc3 15. bxc3 cxd5 16. Qxd5 Be6 17. Qxd8 Rfxd8 18. a6 bxa6 19.
Bxa8 Rxa8 20. Rxa6 Nb6 21. Be3 Bc4 22. Rfa1 Bxa6 23.
Rxa6 Nd5 24. Bd4 h6 25. c4 Nb4 26. Rxa7 Rc8 27. c5 Nc6 28. Ra4 Nxd4 29. Rxd4 Rxc5 30.
h4 Kh7 31. Kg2 Kg6 32. Rd6+ f6 33.
Rd7 Re5 34. f4 Ra5 35. Kh3 h5 36. Rd8 Rb5 37. Rh8 Ra5 38. Rc8 Ra2 39. Rc5 Rb2 40. f5+ Kh6 41. Rc8 Kh7 42. Rc5 Rf2 43.
Ra5 Kh6 44. Rb5 Kh7 45. Rc5 Kg8 46. Rd5 Re2 47. Ra5 Re5 48. Rxe5 fxe5 49. g4 hxg4+ 50. Kxg4 Kf7 51. Kg5 Kf8 52. h5 Kf7 53. Kh4 Kf6 54. Kg4 e4 55. Kf4 e3 56. h6 e2 57. h7 g5+ 58. fxg6 Kg7 59. Kg5 e1=Q 60. h8=Q+ Kxh8 61. Kf6 Qc3+ 62. Kf7 Qc7+ 63. Kf8 Qg7+ 0-1

[Event "Late-Titled-Tuesday-Blitz-May-28-2024"]
[Site "Chess.com"]
[Date "2024.05.28"]
[Round "3"]
[White "GarayevKanan"]
[Black "Oleksandr_Bortnyk"]
[Result "0-1"]
[WhiteElo "2706"]
[BlackElo "3021"]
[TimeControl "180+1"]
[EndTime "14:29:27 PDT"]
[Termination "Oleksandr_Bortnyk won by checkmate"]

1. d4 g6 2. e4 Bg7 3. Nc3 c6 4.
Nf3 d6 5. a4 Nd7 6. g3 e5 7. Bg2 Ngf6 8. O-O O-O 9. h3 Re8 10.
Re1 Qc7 11. Bg5 a5 12. Qd2 exd4 13. Nxd4 Ne5 14. b3 Qb6 15. Be3 Qb4 16. Rad1 Bxh3 17. Bxh3 c5 18. Bg2 cxd4 19. Qxd4 Rac8 20. Qxb4 axb4 21.
Nb5 Rxc2 22. Nxd6 Re7 23. Bd4 Nc6 24. Ba1 Ng4 25. Bxg7 Kxg7 26. f4 Na5 27. e5 Nxb3 28. Bxb7 Nf2 29. Be4 Nh3+ 30. Kh1 Nf2+ 31. Kg1 Nxe4 32.
Rxe4 Nd2 33. Rxb4 Nf3+ 34. Kf1 Nh2+ 35. Kg1 Nf3+ 36. Kf1 Kh6 37. Rd3 Nh2+ 38. Ke1 Rec7 39. f5 Rg2 40. Rh4+ Kg5 41. Rc4 Re7 42. e6 gxf5 43.
Nxf7+ Kf6 44. Rc6 Rb7 45. Kd1 Rb1+ 46. Rc1 Rg1+ 47. Ke2 Rgxc1 48. Nd6 Kxe6 49. Nb5 Rc2+ 50. Ke3 Re1+ 51. Kd4 Re4# 0-1

[Event "Late-Titled-Tuesday-Blitz-May-28-2024"]
[Site "Chess.com"]
[Date "2024.05.28"]
[Round "3"]
[White "lamomiajunior"]
[Black "Rakitic2010"]
[Result "1-0"]
[WhiteElo "2737"]
[BlackElo "2485"]
[TimeControl "180+1"]
[EndTime "14:29:27 PDT"]
[Termination "lamomiajunior won by checkmate"]

1. e4 Nf6 2. e5 Nd5 3. c4 Nb6 4.
a4 a5 5. Ra3 d6 6. exd6 cxd6 7.
Rg3 Nc6 8. d4 g6 9. h4 Bf5 10. Na3 Bg7 11. Nf3 h5 12. Bd3 Qd7 13. Nb5 Bxd3 14. Qxd3 Rc8 15. b3 Nb4 16. Qe2 N6d5 17.
O-O Nf6 18. Ng5 O-O 19. d5 Ng4 20. Bb2 Bxb2 21. Qxb2 Qf5 22. Nd4 Qf6 23. Qd2 Ne5 24. Re1 Rfe8 25. Ne4 Qh8 26. f4 Ng4 27. f5 Qe5 28.
Rh3 Qg7 29. fxg6 fxg6 30. Ne6 Qh6 31. N4g5 Qh8 32. Rf3 Ne5 33. Rff1 Nbd3 34. Re3 Nc5 35. Qf2 Nxe6 36. Nxe6 Kh7 37. Rg3 Rg8 38. Qe3 Ng4 39. Rxg4 hxg4 40. Ng5+ Kg7 41. Rf7+ Kh6 42. Ne6+ g5 43.
hxg5+ Kg6 44. Rxe7 Qe5 45. Nf4+ Qxf4 46. Qxf4 Rgf8 47.
Re6+ Kg7 48. Qd4+ Kg8 49. Rg6+ Kf7 50. Qg7+ Ke8 51. Re6+ Kd8 52. Qe7# 1-0

[Event "Late-Titled-Tuesday-Blitz-May-28-2024"]
[Site "Chess.com"]
[Date "2024.05.28"]
[Round "3"]
[White "Veleamater"]
[Black "tactic"]
[Result "1-0"]
[WhiteElo "2449"]
[BlackElo "2582"]
[TimeControl "180+1"]
[EndTime "14:29:27 PDT"]
[Termination "Veleamater won by checkmate"]

1. g3 d5 2. Bg2 e5 3. d3 Nf6 4.
Nf3 Bd6 5. O-O c6 6. Nc3 O-O 7. e4 d4 8. Ne2 c5 9. h3 Nc6 10. Ne1 Ne8 11. f4 f6 12. f5 g5 13. fxg6 hxg6 14. g4 Ng7 15. Ng3 Be6 16. Nf3 Qd7 17. Nh4 g5 18. Nhf5 Nxf5 19. exf5 Bf7 20.
Ne4 Be7 21. h4 Bd5 22. hxg5 Bxe4 23. Bxe4 fxg5 24. f6 Rxf6 25. Rf5 Rxf5 26. gxf5 Bf6 27. Qg4 Kf7 28. a3 Rh8 29. Bd2 Qe8 30. Qg2 Ke7 31. Kf2 Kd6 32. Rh1 Rh5 33. Qf3 Rxh1 34. Qxh1 g4 35. Qh6 Qf7 36. Kg3 Kc7 37. Kxg4 Ne7 38.
Bg5 Qg8 39. Kh4 Bxg5+ 40. Qxg5 Qh8+ 41. Qh5 Qf6+ 42. Kg4 Ng8 43. Qg5 Qf7 44. Qg6 Qf8 45. Kg5 Qd8+ 46. f6 Kd6 47. Qf7 b5 48. Qd5+ Kc7 49. Qxd8+ Kxd8 50. f7 Nf6 51. Kxf6 Kc7 52. f8=Q Kb6 53. Qd6+ Ka5 54. Qxc5 a6 55. Bc6 Ka4 56.
Qb4# 1-0

[Event "Late-Titled-Tuesday-Blitz-May-28-2024"]
[Site "Chess.com"]
[Date "2024.05.28"]
[Round "3"]
[White "bancsoo"]
[Black "Mikhail_Golubev"]
[Result "0-1"]
[WhiteElo "2910"]
[BlackElo "2654"]
[TimeControl "180+1"]
[EndTime "14:29:28 PDT"]
[Termination "Mikhail_Golubev won on time"]

1. Nf3 d6 2. d4 Nf6 3. c4 g6 4. Nc3 Bg7 5. g3 O-O 6. Bg2 c5 7. O-O Nc6 8. d5 Na5 9. Nd2 e6 10. Qc2 exd5 11. cxd5 Re8 12. e4 Rb8 13. b3 b5 14. Bb2 b4 15. Nd1 Ba6 16. Nc4 Nxc4 17. bxc4 Qe7 18. Re1 Bc8 19. Ne3 Nxe4 20. Bxg7 Kxg7 21. Nf1 Bf5 22. f3 Nc3 23. Qd2 Qf6 24.
Ne3 Qd4 25. Qf2 Bd3 26. h4 Ne2+ 27. Rxe2 Bxe2 28. Nc2 Qxf2+ 29. Kxf2 Bxc4 30. Ne3 Ba6 31. Bf1 Bxf1 32. Rxf1 b3 33. axb3 Rxb3 34. Nc4 Rd3 35.
Nxd6 Rd8 36. Ne4 R8xd5 37. Ra1 c4 38. Rxa7 Rd7 39. Ra6 Rc7 40. Nf6 Rd8 41. Ne4 c3 42.
Ra1 c2 43. Rc1 Rd1 44. Rxc2 Rxc2+ 45. Ke3 Re1+ 46. Kf4 Rxe4+ 47. fxe4 Rc4 48. Ke3 Ra4 49. Kd3 Kf6 0-1

[Event "Late-Titled-Tuesday-Blitz-May-28-2024"]
[Site "Chess.com"]
[Date "2024.05.28"]
[Round "3"]
[White "NowInChess"]
[Black "robertoalejandro10"]
[Result "0-1"]
[WhiteElo "2220"]
[BlackElo "2501"]
[TimeControl "180+1"]
[EndTime "14:29:29 PDT"]
[Termination "robertoalejandro10 won by resignation"]

1. e4 c5 2. d3 g6 3. g3 Bg7 4.
Bg2 Nc6 5. f4 e6 6. Nf3 Nge7 7. O-O O-O 8. c3 d5 9. e5 d4 10. Qe2 Rb8 11. Nbd2 b6 12. c4 b5 13.
cxb5 Rxb5 14. Nc4 Nb4 15. Ng5 Ba6 16. a3 Nbd5 17. Ne4 Nc6 18. Ncd6 Rb8 19. Nxc5 Bc8 20. Nce4 Na5 21. b4 Nb3 22. Ra2 f5 23. exf6 Nxf6 24. Nxf6+ Bxf6 25. Nxc8 Qxc8 26. Rc2 Qd7 27. Bc6 Qe7 28. Bd5 exd5 29. Qxe7 Bxe7 30. Re1 Bf6 31. Rc6 a5 32. bxa5 Nxa5 33. Rc7 Rf7 34. Rxf7 Kxf7 35. Bd2 Nb3 36. Bb4 Re8 37. Rxe8 Kxe8 38. Kf2 Be7 39. a4 Bxb4 40. a5 Bxa5 41. Kf3 Bb6 42. g4 Ke7 43. f5 Kf6 44. Kf4 g5+ 45. Kf3 Nc5 46.
h3 Nxd3 47. Ke2 Ne5 48. Kd2 h5 49. gxh5 Kxf5 50. h6 Kg6 51. h7 Kxh7 52. Ke2 d3+ 53. Kd2 Ba5+ 54. Kd1 d2 55. Ke2 Kg6 56. Kd1 Kh5 57. Ke2 Kh4 58. Kd1 Kxh3 59. Ke2 Kg3 60. Kd1 Kf2 61. Kc2 Ke2 0-1

[Event "Late-Titled-Tuesday-Blitz-May-28-2024"]
[Site "Chess.com"]
[Date "2024.05.28"]
[Round "3"]
[White "Qvalda"]
[Black "crazy_but_lazy"]
[Result "1/2-1/2"]
[WhiteElo "2419"]
[BlackElo "2676"]
[TimeControl "180+1"]
[EndTime "14:29:30 PDT"]
[Termination "Game drawn - insufficient material"]

1. d4 Nf6 2. c4 e6 3. Bf4 d5 4. cxd5 Nxd5 5. Bg3 c5 6. e4 Nf6 7. Nd2 cxd4 8. Bd3 Nc6 9. Ngf3 Be7 10. O-O O-O 11. e5 Nd5 12. a3 a6 13. Qe2 b5 14.
Qe4 g6 15. Nxd4 Nxd4 16. Qxd4 Bb7 17. Ne4 Qd7 18. Rfd1 Rfd8 19. h4 h5 20. Rac1 Rac8 21. b4 Rxc1 22. Rxc1 Rc8 23. Rxc8+ Qxc8 24. Nc5 Ba8 25.
Be4 a5 26. Nd3 Qc4 27. Qxc4 bxc4 28. Bxd5 Bxd5 29. Nc5 axb4 30. axb4 c3 31. Bf4 Bxh4 32.
g3 Be7 33. Kf1 g5 34. Be3 h4 35. gxh4 gxh4 36. Bf4 Kg7 37. Ke2 Kg6 38. Kd3 Kf5 39. Bh2 Kg4 40. Kxc3 Kh3 41. Bf4 Kg2 42. Kd4 h3 43. b5 Bxc5+ 44. Kxc5 h2 45. Bxh2 Kxh2 46. Kd6 Kg2 47. Ke7 Kf3 48. Kxf7 Kf4 49. Kf6 Ke4 50. b6 Kf4 51. b7 Bxb7 52. Kxe6 Be4 53. Kd6 Bf5 54.
e6 Bxe6 55. Kxe6 Kf3 56. Kf5 Kxf2 1/2-1/2

[Event "Late-Titled-Tuesday-Blitz-May-28-2024"]
[Site "Chess.com"]
[Date "2024.05.28"]
[Round "3"]
[White "Konavets"]
[Black "Sawatdeekhrap"]
[Result "1-0"]
[WhiteElo "3086"]
[BlackElo "2768"]
[TimeControl "180+1"]
[EndTime "14:29:31 PDT"]
[Termination "Konavets won by resignation"]

1. e4 c5 2. Nf3 e6 3. d4 cxd4 4. Bg5 Nf6 5. e5 h6 6. Bh4 g5 7. exf6 gxh4 8. Qxd4 Nc6 9. Qxh4 Qb6 10. b3 Qb4+ 11. Qxb4 Nxb4 12. Bd3 Nd5 13. c4 Nxf6 14. O-O b6 15. Nc3 Bb7 16. Be2 Rg8 17. Rfd1 a6 18. Na4 b5 19. cxb5 axb5 20. Nc3 b4 21. Nb5 Rc8 22.
Rac1 Rxc1 23. Rxc1 Kd8 24. g3 Nd5 25. Ne5 f6 26.
Nf7+ Ke7 27. Nbd6 Bc6 28. Bh5 Bg7 29. Re1 Ra8 30. Nf5+ Kf8 31. Nd4 Bb7 32. Nd6 Ba6 33. Bf3 f5 34. Bxd5 exd5 35. N4xf5 Bd3 36. Re7 Bc3 37.
Rf7+ Kg8 38. Nxh6+ Kh8 39. Rxd7 Rxa2 40. Ndf7+ Kg7 41. Ne5+ Kxh6 42. Nxd3 Ra1+ 43. Kg2 d4 44. Rb7 Rb1 45. Rb6+ Kg7 46. Nxb4 Rxb3 47. Nd5 Rxb6 48. Nxb6 d3 49. Nc4 d2 50. Ne3 Bd4 51. Nd1 Kf6 52.
Kf3 1-0

[Event "Late-Titled-Tuesday-Blitz-May-28-2024"]
[Site "Chess.com"]
[Date "2024.05.28"]
[Round "3"]
[White "hansen"]
[Black "carokannlover213"]
[Result "1-0"]
[WhiteElo "3060"]
[BlackElo "2736"]
[TimeControl "180+1"]
[EndTime "14:29:33 PDT"]
[Termination "hansen won by resignation"]

1. e4 c5 2. Nf3 d6 3. d4 cxd4 4.
Nxd4 Nf6 5. Nc3 a6 6. Rg1 h5 7.
h3 g6 8. Bg5 Bg7 9. Qd2 b5 10.
O-O-O Bb7 11. f3 Nc6 12. Nxc6 Bxc6 13. Kb1 Qc7 14. g4 b4 15. Ne2 a5 16. Nd4 Bd7 17.
Be3 Qb7 18. Bc4 a4 19. g5 Nh7 20. Bd5 Qb8 21. Bxa8 Qxa8 22. Qxb4 O-O 23. h4 Rb8 24. Qa3 Nf8 25. Bc1 Ne6 26. Nxe6 Bxe6 27. Rge1 Qc6 28.
Re3 Qb6 29. Rdd3 Bc4 30. Rc3 Qb5 31. b3 Bd4 32. Bb2 axb3 33. axb3 Be6 34. Red3 Bxc3 35. Bxc3 Qb7 36. Qa4 Ra8 37. Qd4 f6 38. gxf6 Kh7 39. fxe7 Qxe7 40. Qxd6 Qa7 41. Qd4 Qa2+ 42. Kc1 Qa3+ 43.
Bb2 Qe7 44. Qf6 Qf7 45. Qxf7+ Bxf7 46. Bf6 Ra6 47. Bg5 Kg7 48. c4 Ra2 49. Rc3 Be8 50. b4 Ba4 51. b5 Ra3 52. Rxa3 Bb3 53. Rxb3 Kf7 54. Rd3 Ke6 55. Rd5 Kf7 56. Kd2 Ke6 57.
Kc3 Kf7 58. Kd4 Ke6 59. b6 Kf7 60. b7 1-0

[Event "Late-Titled-Tuesday-Blitz-May-28-2024"]
[Site "Chess.com"]
[Date "2024.05.28"]
[Round "3"]
[White "Problematique_99"]
[Black "HamedWafa4"]
[Result "1-0"]
[WhiteElo "2544"]
[BlackElo "2717"]
[TimeControl "180+1"]
[EndTime "14:29:34 PDT"]
[Termination "Problematique_99 won by resignation"]

1. a3 Nf6 2. b4 d5 3. Bb2 e6 4. e3 Be7 5. Nf3 O-O 6. c4 Nbd7 7. Nc3 c6 8. Be2 Bd6 9. O-O Qe7 10. d4 Re8 11.
Qc2 b6 12. Bd3 Bb7 13. h3 Rac8 14. c5 Bb8 15. e4 bxc5 16. e5 Ne4 17. Nxe4 dxe4 18.
Bxe4 cxd4 19. Bxh7+ Kh8 20. Be4 Nb6 21. Bxd4 Nd5 22.
Bc5 Qd7 23. Ng5 g6 24. f4 Bc7 25. Bxa7 Ba6 26. Rfd1 Bxe5 27. Qf2 Bxa1 28. Rxa1 Kg7 29. Bd4+ f6 30. Rd1 Qd6 31. Qh4 Rh8 32. Bxf6+ Kxf6 33. Qg4 Rce8 34. Nh7+ Ke7 35. Qxg6 Kd7 36. Bxd5 exd5 37.
Nf6+ Kc8 38. Qf5+ Kb7 39. Nxe8 Rxe8 40. Qf7+ Re7 41. Qf5 Be2 42. Re1 Bd3 43. Rxe7+ Qxe7 44. Qxd3 Qe1+ 45. Qf1 Qe3+ 46. Qf2 Qc1+ 47. Kh2 Qc3 48. f5 Qe5+ 49. g3 Qf6 50. g4 Qe5+ 51. Kg2 Qe4+ 52. Qf3 Qc2+ 53. Kg3 d4 54. f6 d3 55. f7 d2 56.
f8=Q d1=Q 57. Qe7+ Kb6 58. Qf2+ Kb5 59. Qec5+ Ka4 60.
Qcxc2+ Qxc2 61. Qxc2+ 1-0